AoeStats
← Atlas

Arena

508046931Analyzed
4v4 RM · 10d ago on Sep 20, 2026· 52m 28s· 8 players
Game mode
Random Map
Map size
Large (8 player)
Population
200
Speed
Normal
Resources
Standard
Victory
Conquest
Starting age
Dark Age
Ending age
Imperial Age
RankedLock teamsTeams togetherTeam positionsShared explorationLock speedFull tech treeHidden civsTurbo modeCheats
Victory
Defeat
🇺🇸 Vietnamese · United States
685
+13
🇺🇸 Ethiopians · United States
671
+14
🇺🇸 Poles · United States
658
+15
🇨🇦 Byzantines · Canada
557
+19
🇪🇨 Turks · Ecuador
650
-16
🇰🇼 Spanish · Kuwait
634
-16
🇩🇪 Portuguese · Germany
621
-15
🇨🇦 Persians · Canada
597
-14
Mini440
0:43 Loom
11:25 Feudal Age
11:58 Double-Bit Axe
12:00 Town Watch
13:04 Wheelbarrow
17:05 Horse Collar
20:18 Castle Age
19:14 Gold Mining
19:20 Stone Mining
21:50 Arson
22:37 Heavy Plow
23:19 Bow Saw
28:08 Hand Cart
28:04 Squires
27:54 Gambesons
28:27 Pikeman
30:27 Stone Shaft Mining
29:25 Elite Skirmisher
31:02 Inquisition
31:05 Murder Holes
32:06 Ballistics
32:40 Thumb Ring
32:39 Husbandry
32:57 Bloodlines
33:34 Fortified Wall
33:36 Masonry
33:51 Caravan
34:55 Forging
34:50 Scale Barding Armor
34:46 Scale Mail Armor
34:47 Padded Archer Armor
34:38 Fletching
39:14 Imperial Age
36:48 Town Patrol
37:27 Iron Casting
37:12 Chain Barding Armor
37:08 Chain Mail Armor
38:31 Leather Archer Armor
38:11 Bodkin Arrow
37:41 Light Cavalry
40:41 Conscription
40:57 Hoardings
39:53 Sappers
40:44 Supremacy
41:41 Chemistry
41:12 Architecture
40:29 Arrowslits
41:00 Guilds
41:59 Two-Man Saw
41:34 Elite Conquistador
43:31 Blast Furnace
42:43 Hussar
44:50 Plate Barding Armor
44:46 Plate Mail Armor
44:29 Bracer
44:59 Ring Archer Armor
44:40 Halberdier
47:06 Fervor
49:51 Sanctity
51:58 Illumination
52:00 Block Printing
52:21 Theocracy
heffenstinner
0:28 Loom
13:30 Feudal Age
14:57 Double-Bit Axe
19:07 Castle Age
21:13 Wheelbarrow
20:52 Bow Saw
20:52 Horse Collar
21:54 Gold Mining
35:04 Imperial Age
35:16 Hand Cart
34:47 Town Watch
36:10 Heavy Plow
35:50 Elite Skirmisher
44:48 Two-Man Saw
44:56 Stone Mining
Mytsogun
0:35 Loom
13:07 Feudal Age
13:33 Double-Bit Axe
13:56 Horse Collar
17:48 Wheelbarrow
18:14 Gold Mining
18:15 Stone Mining
24:10 Castle Age
25:09 Bow Saw
25:02 Heavy Plow
25:21 Hand Cart
27:49 Treadmill Crane
30:21 Gold Shaft Mining
30:00 Fortified Wall
30:11 Ballistics
29:42 Guard Tower
33:55 Murder Holes
36:09 Man-at-Arms
36:50 Squires
36:38 Arson
36:59 Long Swordsman
37:54 Forging
37:44 Scale Mail Armor
40:40 Imperial Age
42:14 Keep
41:42 Padded Archer Armor
41:32 Fletching
43:00 Two-Man Saw
42:43 Elite Janissary
43:29 Artillery
44:02 Arrowslits
45:20 Conscription
44:55 Town Watch
46:42 Iron Casting
46:23 Chain Mail Armor
46:05 Bodkin Arrow
46:25 Leather Archer Armor
jairfrancomf3092
10:39 Feudal Age
21:54 Castle Age
20:15 Horse Collar
20:30 Stone Mining
20:32 Gold Mining
23:32 Stone Shaft Mining
27:31 Heavy Plow
33:55 Imperial Age
33:39 Elite War Elephant
50:01 Conscription
Cloud-G
11:32 Feudal Age
15:14 Castle Age
16:33 Double-Bit Axe
16:29 Horse Collar
20:49 Bow Saw
22:00 Gold Mining
29:17 Scale Mail Armor
29:28 Forging
31:58 Chain Mail Armor
35:05 Iron Casting
35:39 Arson
40:04 Imperial Age
40:55 Heavy Plow
43:01 Elite Shotel Warrior
47:09 Plate Mail Armor
Atlas
11:17 Feudal Age
13:01 Double-Bit Axe
13:00 Horse Collar
16:56 Loom
19:12 Castle Age
21:02 Bow Saw
22:07 Heavy Plow
25:29 Fletching
25:40 Padded Archer Armor
28:38 Bodkin Arrow
29:00 Leather Archer Armor
33:10 Imperial Age
32:08 Wheelbarrow
32:09 Squires
31:55 Arson
32:14 Scale Mail Armor
32:25 Forging
34:52 Chemistry
34:15 Ballistics
34:40 Bracer
35:11 Ring Archer Armor
35:37 Paper Money
36:12 Chain Mail Armor
36:33 Iron Casting
36:26 Thumb Ring
37:50 Siege Engineers
39:31 Crop Rotation
40:37 Elite Rattan Archer
43:12 Elite Fire Lancer
uncleether0
13:18 Feudal Age
17:26 Castle Age
17:13 Double-Bit Axe
18:06 Gold Mining
31:24 Horse Collar
31:57 Bow Saw
36:41 Imperial Age
34:48 Scale Barding Armor
38:42 Cavalier
39:26 Husbandry
39:46 Bloodlines
40:01 Chain Barding Armor
39:52 Forging
41:12 Szlachta Privileges
chatonbrutal
8:57 Loom
14:58 Feudal Age
20:41 Castle Age
19:25 Double-Bit Axe
24:22 Fervor
30:16 Bow Saw
36:01 Imperial Age
34:52 Horse Collar
35:08 Stone Mining
35:09 Gold Mining
36:24 Wheelbarrow
38:39 Two-Man Saw
38:19 Stone Shaft Mining
38:20 Gold Shaft Mining
37:51 Heavy Plow
39:07 Crop Rotation
39:48 Hand Cart
41:40 Chemistry
41:00 Ballistics
43:11 Guilds
43:31 Coinage
43:02 Caravan
42:37 Pikeman
43:18 Squires
43:03 Gambesons
43:04 Arson
44:09 Arrowslits
44:35 Fortified Wall
44:20 Murder Holes
44:06 Treadmill Crane
44:29 Scale Mail Armor
44:40 Forging
44:35 Scale Barding Armor
45:16 Redemption
45:07 Devotion
45:42 Theocracy
45:32 Illumination
45:23 Block Printing
45:29 Sanctity
45:43 Husbandry
45:03 Heavy Camel Rider
45:11 Halberdier
46:15 Conscription
46:07 Logistica
46:17 Chain Mail Armor
46:42 Iron Casting
46:57 Thumb Ring
46:12 Elite Skirmisher
46:15 Crossbowman
47:50 Chain Barding Armor
48:10 Plate Mail Armor
47:41 Padded Archer Armor
47:32 Fletching
48:07 Imperial Skirmisher
49:13 Arbalester
51:01 Plate Barding Armor
50:19 Guard Tower
Connection lost

Rejoining the realm…

Still unreachable

The connection could not be restored.

Session expired

The server has moved on; the page needs a fresh start.